 Dungeon Crawl Stone Soup version 0.30-a0-726-gd89dcf765f (webtiles) character file.

Game seed: 12701096706800936295

11 hikkokomori the Ducker (level 2, 0/23 HPs)
             Began as a Merfolk Gladiator on Jan 29, 2023.
             Slain by a quokka (1 damage)
             ... on level 1 of the Dungeon.
             The game lasted 00:01:21 (269 turns).

hikkokomori the Ducker (Merfolk Gladiator)           Turns: 269, Time: 00:01:21

Health: 0/23       AC:  4    Str: 14    XL:     2   Next: 29%
Magic:  2/2        EV: 13    Int:  7    God:
Gold:   15         SH:  0    Dex: 15    Spells: 1/1 levels left

rFire   . . .      SeeInvis .    h - +1 short sword (drain)
rCold   . . .      Faith    .    (no shield)
rNeg    . . .      Spirit   .    b - +0 leather armour
rPois   .          Reflect  .    c - +0 helmet
rElec   .          Harm     .    (no cloak)
rCorr   .          Rampage  .    (no gloves)
Will    .....                    (no boots)
Stlth   +                        (no amulet)
HPRegen 0.23/turn                (no ring)
MPRegen 0.08/turn                (no ring)

@: no status effects
A: (nimble swimmer 2), mertail
a: no special abilities


You were on level 1 of the Dungeon.
You visited 1 branch of the dungeon, and saw 1 of its levels.

You collected 15 gold pieces.

Inventory:

Hand Weapons
 a - a +0 long sword
 h - a +1 short sword of draining (weapon)
Missiles
 d - 3 throwing nets (quivered)
 e - a javelin
Armour
 b - a +0 leather armour (worn)
 c - a +0 helmet (worn)
Scrolls
 i - a scroll of vulnerability {unknown}
Potions
 f - 2 potions of curing {unknown}
 g - a potion of lignification {unknown}


   Skills:
 + Level 2.4 Fighting
 + Level 0.2(2.3) Short Blades
 - Level 3.8 Long Blades
 - Level 2.0 Throwing
 + Level 4.2 Dodging
 + Level 1.0 Stealth


You had one spell level left.
You didn't know any spells.
Your spell library was empty.

Dungeon Overview and Level Annotations

Branches:
Dungeon (1/15)

Altars:


Innate Abilities, Weirdness & Mutations

((You are very nimble when in or above water. (Stealth+, EV+, Speed+++)))
Your lower body shifts to a powerful aquatic tail in water.


Message History

The rat bites you. The goblin misses you.
The ball python bites you but does no damage.
The ball python constricts you.
You are too injured to fight recklessly!
You are too injured to fight recklessly!
You are too injured to fight recklessly!
You are too injured to fight recklessly!
You are too injured to fight recklessly!
You are too injured to fight recklessly!
You are too injured to fight recklessly!
You are too injured to fight recklessly!
You are too injured to fight recklessly!
You are too injured to fight recklessly!
You are too injured to fight recklessly!
You are too injured to fight recklessly!
You are too injured to fight recklessly!
You are too injured to fight recklessly!
You are too injured to fight recklessly!
You are too injured to fight recklessly!
You hit the ball python.
You kill the ball python!
A rat comes into view.
The frilled lizard bites you. The rat closely misses you.
The goblin barely misses you.
You miss the quokka. The quokka bites you. The frilled lizard bites you.
The goblin misses you. The rat closely misses you.
You barely miss the frilled lizard. The quokka closely misses you.
You closely miss the frilled lizard. The goblin closely misses you.
The rat misses you. The frilled lizard barely misses you.
The quokka closely misses you.
You closely miss the frilled lizard. The goblin barely misses you.
The frilled lizard bites you but does no damage.
The rat barely misses you. The quokka bites you.
* * * LOW HITPOINT WARNING * * *
You hit the frilled lizard.
You kill the frilled lizard!
The goblin hits you with a +0 club.
* * * LOW HITPOINT WARNING * * *
The rat closely misses you. The quokka bites you.
You die...

###### #..........#
.....##### #..........#
.........####..........#
≈≈≈≈≈......##..........#
≈≈≈≈≈≈≈≈....#..........#
≈≈≈≈#≈≈≈≈≈≈.#.#........#
≈≈≈≈#≈≈≈#≈≈≈#.#).......#
#≈≈≈#≈≈≈#≈≈≈# ###r.#####
#≈≈≈#≈≈≈#≈≈≈# #@r.......
#≈≈≈#≈≈≈#≈≈≈#..rg#.#####.
#≈≈≈#≈≈≈#≈≈≈#....#...
#...#...#...#....#!8!#
#...'...'...#!...#.#.#
#...#...#####....#!8!#
'...#..###..#........#
#...####....#..###
#####......##


You could see a quokka, a goblin and 2 rats.

Vanquished Creatures
  2 bats (D:1)
  6 ball pythons (D:1)
  2 frilled lizards (D:1)
  2 kobolds (D:1)
  A rat (D:1)
13 creatures vanquished.

Notes
Turn   | Place    | Note
-------+----------+-------------------------------------------
     0 | D:1      | hikkokomori the Merfolk Gladiator began the quest for the
                  | Orb.
     0 | D:1      | Reached XP level 1. HP: 16/16 MP: 1/1
   157 | D:1      | Reached XP level 2. HP: 9/22 MP: 2/2
   260 | D:1      | Reached skill level 1 in Stealth
   269 | D:1      | HP: 1/23 [goblin/+0 club (3)]
   269 | D:1      | Slain by a quokka

Illustrated notes

Levels and vault maps discovered:
D:1:      dpeg_arrival_water_fire, layout_basic, minmay_pentomino_o4

Skill      XL: |  1  2 |
---------------+-------+-----
Stealth        | 1 |  1.0
Fighting       | |  2.4
Short Blades   | |  0.2
Long Blades    | |  3.8
Throwing       | |  2.0
Dodging        | |  4.2

Action                     || total
---------------------------++-------
  Melee: Long sword        ||    21
         Short sword       ||    30
 Armour: Leather armour    ||    26
  Dodge: Dodged            ||    69

Table legend: (Time is in decaauts)
 A = Elapsed time spent in this place.
 B = Non-inter-level travel time spent in this place.
 C = Inter-level travel time spent in this place.
 D = Time resting spent in this place.
 E = Time spent auto-exploring this place.
 F = Levels seen in this place.
 G = Mean time per level.
                   A        B        C        D        E       F      G
               +--------+--------+--------+--------+--------+-----+--------+
         Total |    266 |    266 |      0 |      0 |    181 |   1 |  266.0 |
       Dungeon |    266 |    266 |      0 |      0 |    181 |   1 |  266.0 |
               +--------+--------+--------+--------+--------+-----+--------+

Top non-repeatable levels by time:
     D:1: 266 daAuts
